 Dungeon Crawl Stone Soup version 0.21.1-1-g345015f (webtiles) character file.

17 Iko the Charmwright (level 2, -6/24 HPs)
             Began as a Centaur Skald on May 6, 2018.
             Was an Initiate of Vehumet.
             Killed from afar by an orc wizard (8 damage)
             ... with a magic dart
             ... on level 5 of the Dungeon.
             The game lasted 00:02:55 (324 turns).

Iko the Charmwright (Centaur Skald)                  Turns: 324, Time: 00:02:56

Health: -6/24      AC:  5    Str: 13    XL:     2   Next: 44%
Magic:  4/4        EV:  8    Int: 12    God:    Vehumet [......]
Gold:   24         SH:  0    Dex:  8    Spells: 3/4 levels left

rFire    . . .     SeeInvis .   d - -1 club
rCold    . . .     Gourm    .   (no shield)
rNeg     . . .     Faith    .   e - +0 ring mail
rPois    .         Spirit   .   (no helmet)
rElec    .         Reflect  .   (no cloak)
rCorr    .         Harm     .   (no gloves)
MR       .....                  (no barding)
Stlth    ..........             (no amulet)
HPRegen  0.08/turn              (no ring)
MPRegen  0.09/turn              (no ring)

@: very quick
A: large, hooves 3, deformed body, speed 2, tough skin 3
a: Renounce Religion


You were on level 5 of the Dungeon.
You worshipped Vehumet.
Vehumet was noncommittal.
You were not hungry.

You visited 1 branch of the dungeon, and saw 5 of its levels.

You collected 24 gold pieces.

Inventory:

Hand Weapons
 d - a -1 club (weapon)
Armour
 e - a +0 ring mail (worn)
Scrolls
 a - 2 scrolls of remove curse
Books
 b - a book of Battle

   Spells                             Type                      Level
   a - Infusion                       Charms                       1
   b - Shroud of Golubria             Charms/Translocation         2
   c - Song of Slaying                Charms                       2
   d - Spectral Weapon                Hexes/Charms                 3
   e - Regeneration                   Charms/Necromancy            3
Comestibles
 c - a ration


   Skills:
 + Level 2.2 Fighting
 + Level 0.6 Armour
 + Level 1.5 Dodging
 + Level 2.2 Unarmed Combat
 + Level 1.6 Spellcasting
 + Level 3.0 Charms


You had 3 spell levels left.
You knew the following spells:

 Your Spells              Type           Power        Failure   Level  Hunger
a - Infusion              Chrm           #...         17%         1    ##.....


Dungeon Overview and Level Annotations

Branches:
Dungeon (5/15)
 Temple: D:4-7

Altars:
Vehumet


Innate Abilities, Weirdness & Mutations

You have hooves in place of feet.
Armour fits poorly on your strangely shaped body.
You cover ground very quickly.
You have extremely tough skin. (AC +3)


Message History

The orc wizard barely misses you.
You closely miss the orc wizard.
The orc wizard is moderately wounded.
The orc wizard hits you but does no damage.
You hit the orc wizard but do no damage.
Your kick misses the orc wizard.
The orc wizard is moderately wounded.
The orc warrior hits you with a dire flail.
The orc wizard hits you but does no damage.
You hit the orc wizard but do no damage.
The orc wizard is moderately wounded.
The orc warrior hits you with a dire flail!
Ouch! That really hurt!
* * * LOW HITPOINT WARNING * * *
The orc wizard hits you but does no damage.
The orc wizard closely misses you. The orc barely misses you.
The orc warrior completely misses you. The orc wizard casts a spell at you.
The magic dart hits you!
You die...

... ## ..# .
##. ..# ..
##.. #..#
...#...#...#
#..........
#....ooo##
#..@..#
#...#..#
......# #..#
...... #...
..... .##.#
...#. # #
..## #%


You could see an orc warrior, an orc wizard and an orc.

Vanquished Creatures
  An ooze (D:1)
  A dart slug (D:2)
  An orc (D:3)
  2 bats
  A giant cockroach (D:1)
  A frilled lizard (D:1)
  A giant cockroach zombie (D:4)
  2 goblins
  A rat (D:2)
11 creatures vanquished.

Notes
Turn   | Place    | Note
-------+----------+-------------------------------------------
     0 | D:1      | Iko the Centaur Skald began the quest for the Orb.
     0 | D:1      | Reached XP level 1. HP: 17/17 MP: 3/3
    74 | D:1      | Reached XP level 2. HP: 23/24 MP: 4/4
   113 | D:1      | Reached skill level 3 in Charms
   302 | D:4      | Found a radiant altar of Vehumet.
   312 | D:4      | Became a worshipper of Vehumet
   319 | D:5      | Entered Level 5 of the Dungeon
   319 | D:5      | Noticed an orc warrior
   324 | D:5      | Killed from afar by an orc wizard

Skill      XL: |  1  2 |
---------------+-------+-----
Charms         | 3 |  3.0
Fighting       | |  2.2
Armour         | |  0.6
Dodging        | |  1.5
Unarmed Combat | |  2.2
Spellcasting   | |  1.6

Action                   || total
-------------------------++-------
Melee: Unarmed           ||     9
       Kick              ||    11
       Club              ||    36
       Punch             ||     2
 Cast: Infusion          ||     1
  Use: Scroll            ||     4
Armor: Leather armour    ||    16
       Ring mail         ||     8
Dodge: Dodged            ||    16
